Map: Green Acres

Players

Kropa

  • Race: Protoss Protoss
  • Spawn Location: 3:00

Kira

  • Race: Protoss Protoss
  • League: Silver
  • Spawn Location: 1:00

gulost

  • Race: Zerg Zerg
  • Spawn Location: 12:00

EKV

  • Race: Zerg Zerg
  • Spawn Location: 9:00

Mattia

  • Race: Protoss Protoss
  • Spawn Location: 7:00

Gracz

  • Race: Protoss Protoss
  • League: Silver
  • Spawn Location: 6:00

VOD

Have the link to the VOD?

Description

Time

  • Played on: Oct. 2, 2016, 7:50 a.m.
  • Length: 13:27
Show
View Real Time Build Order
Export as new Build Order

Kropa Protoss 

Build Orders: Mass Adepts 

Get SALT Encoding   

  12  0:01  Probe (Chrono Boost)  
  13  0:11  Probe (Chrono Boost)  
  14  0:22  Probe (Chrono Boost)  
  14  0:24  Pylon  
  15  0:42  Probe (Chrono Boost)  
  16  0:47  Gateway  
  16  0:52  Probe (Chrono Boost)  
  16  0:57  Pylon  
  17  1:03  Probe (Chrono Boost)  
  18  1:13  Probe (Chrono Boost)  
  19  1:24  Probe (Chrono Boost)  
  20  1:27  Assimilator  
  20  1:30  Assimilator  
  20  1:35  Cybernetics Core  
  20  1:37  Probe (Chrono Boost)  
  21  1:48  Probe (Chrono Boost)  
  22  1:58  Probe (Chrono Boost)  
  23  2:03  Warp Gate  
  23  2:04  Pylon  
  23  2:06  Gateway  
  23  2:09  Gateway  
  23  2:12  Gateway  
  23  2:18  Probe (Chrono Boost)  
  24  2:28  Probe (Chrono Boost)  
  25  2:57  Probe (Chrono Boost)  
  26  3:05  Nexus  
  26  3:07  Pylon  
  26  3:10  Adept  
  26  3:11  Adept  
  30  3:13  Adept  
  30  3:14  Sentry  
  36  3:49  Mothership Core (Chrono Boost)  
  36  4:31  Pylon  
  36  4:33  Adept x3  
  36  4:34  Adept  
  44  4:39  Gateway x2  
  44  4:44  Gateway  
  44  4:46  Probe (Chrono Boost)  
  44  4:48  Probe (Chrono Boost)  
  46  4:54  Adept  
  46  4:55  Adept x3  
  54  5:00  Probe (Chrono Boost)  
  47  5:17  Zealot x4  
  52  5:44  Probe (Chrono Boost)  
  53  5:53  Probe (Chrono Boost)  
  54  6:17  Stalker x2  
  54  6:18  Stalker  
  59  7:12  Probe x2 (Chrono Boost)  
  59  7:15  Stalker x3  
  68  7:23  Probe x2 (Chrono Boost)  
  69  7:48  Pylon  
  69  7:50  Pylon, Probe (Chrono Boost)  
  70  7:52  Pylon  
  66  8:24  Stalker x3  
  66  8:25  Stalker x2  
  66  8:26  Stalker  
  66  9:05  Nexus  
  66  9:08  Pylon  
  66  9:23  Stalker x3  
  72  9:28  Robotics Facility  
  72  9:29  Mothership Core (Chrono Boost)  
  74  9:47  Probe (Chrono Boost)  
  75  9:54  Probe (Chrono Boost)  
  75  9:58  Probe (Chrono Boost)  
  77  10:05  Probe (Chrono Boost)  
  78  10:08  Probe (Chrono Boost)  
  78  10:10  Stalker  
  78  10:11  Stalker x2  
  83  10:15  Probe (Chrono Boost)  
  78  10:21  Observer  
  79  10:32  Probe x2 (Chrono Boost)  
  79  10:33  Probe (Chrono Boost)  
  82  10:36  Assimilator  
  82  10:39  Assimilator  
  83  10:43  Forge, Probe x2 (Chrono Boost)  
  83  10:44  Forge  
  83  10:45  Probe (Chrono Boost)  
  82  11:15  Assimilator  
  82  11:18  Assimilator  
  82  11:30  Nexus  
  82  11:34  Pylon  
  82  11:35  Pylon  
  82  11:39  Immortal  
  86  11:57  Stalker x2  
  62  12:43  Stalker x3  
  64  12:44  Stalker  
  64  12:45  Stalker x3  
  72  12:53  Probe x2 (Chrono Boost)  
  72  12:54  Probe (Chrono Boost)  
  75  13:03  Probe (Chrono Boost)  
  75  13:05  Probe (Chrono Boost)  
  78  13:06  Probe (Chrono Boost)  
  78  13:12  Stalker  
  80  13:14  Probe (Chrono Boost)  
  80  13:17  Probe (Chrono Boost)  
Show
View Real Time Build Order
Export as new Build Order

Kira Protoss 

Build Orders: 1 Gate Expand 

Get SALT Encoding   

  12  0:05  Probe (Chrono Boost)  
  13  0:16  Probe (Chrono Boost)  
  14  0:21  Pylon  
  14  0:35  Probe (Chrono Boost)  
  15  0:42  Gateway  
  15  0:45  Assimilator  
  15  0:46  Probe (Chrono Boost)  
  16  0:56  Probe (Chrono Boost)  
  17  1:07  Probe (Chrono Boost)  
  18  1:17  Probe (Chrono Boost)  
  19  1:29  Nexus  
  19  1:41  Cybernetics Core  
  19  1:47  Assimilator  
  19  1:50  Probe (Chrono Boost)  
  20  2:01  Probe (Chrono Boost)  
  21  2:11  Probe (Chrono Boost)  
  22  2:22  Probe (Chrono Boost)  
  23  2:37  Pylon  
  23  2:39  Pylon  
  23  2:41  Probe (Chrono Boost)  
  24  2:45  Warp Gate  
  24  2:50  Twilight Council  
  25  2:51  Probe (Chrono Boost)  
  25  2:57  Pylon, Stalker  
  27  3:01  Probe (Chrono Boost)  
  27  3:02  Mothership Core (Chrono Boost)  
  30  3:11  Probe (Chrono Boost)  
  30  3:20  Probe (Chrono Boost)  
  30  3:22  Probe (Chrono Boost)  
  31  4:01  Pylon  
  31  4:03  Pylon  
  31  4:07  Probe x2 (Chrono Boost)  
  31  4:09  Stalker  
  35  4:17  Probe (Chrono Boost)  
  36  4:33  Probe x2 (Chrono Boost)  
  36  4:35  Gateway x2  
  36  4:37  Gateway  
  38  4:40  Gateway  
  38  4:43  Probe (Chrono Boost)  
  39  4:50  Pylon  
  39  4:53  Blink  
  39  5:16  Stalker  
  41  5:32  Stalker  
  41  5:33  Stalker  
  45  5:45  Stalker  
  45  5:46  Probe x2 (Chrono Boost)  
  45  5:48  Assimilator  
  49  5:53  Assimilator  
  49  5:56  Probe (Chrono Boost)  
  50  6:01  Gateway  
  50  6:03  Gateway  
  50  6:07  Forge  
  50  6:10  Gateway  
  50  6:11  Gateway  
  50  6:12  Stalker  
  50  6:13  Stalker x4  
  58  6:38  Stalker x3  
  58  6:39  Stalker x2  
  68  7:03  Stalker x4  
  68  7:04  Stalker  
  78  7:17  Stalker x4  
  86  8:00  Pylon  
  86  8:02  Pylon  
  86  8:04  Pylon  
  86  8:05  Pylon  
  86  8:07  Pylon  
  86  8:08  Pylon  
  86  8:18  Probe x2 (Chrono Boost)  
  88  8:29  Probe x2 (Chrono Boost)  
  90  8:39  Probe x2 (Chrono Boost)  
  84  9:38  Robotics Facility  
  84  9:39  Robotics Facility  
  84  9:42  Stalker x2  
  84  9:43  Stalker x5  
  84  9:44  Stalker x2  
  102  10:07  Stalker x6  
  104  10:08  Stalker x2  
  118  10:22  Nexus  
  118  10:25  Pylon  
  118  10:26  Observer x2  
  118  10:27  Pylon  
  120  10:38  Stalker  
  120  10:39  Stalker x3  
  120  10:40  Stalker x2  
Show
View Real Time Build Order
Export as new Build Order

gulost Zerg 

Build Orders: Pool First 

Get SALT Encoding   

  12  0:01  Drone  
  13  0:10  Drone  
  14  0:17  Overlord  
  14  0:23  Extractor  
  14  0:24  Drone  
  15  0:35  Drone  
  15  0:37  Drone  
  15  0:40  Extractor  
  16  0:45  Drone  
  17  0:56  Spawning Pool  
  16  0:57  Drone  
  17  1:06  Drone  
  18  1:19  Overlord  
  18  1:27  Drone  
  19  1:33  Extractor  
  18  1:47  Metabolic Boost  
  18  1:52  Hatchery  
  17  1:59  Queen  
  19  2:03  Drone  
  20  2:08  Zergling x2  
  20  2:12  Zergling x2  
  22  2:17  Zergling x2  
  24  2:30  Zergling x2  
  24  2:39  Zergling x2  
  24  2:48  Zergling x2  
  25  2:59  Zergling x2  
  25  3:19  Zergling x4  
  23  3:25  Zergling x6  
  23  3:26  Queen  
  27  3:28  Zergling x2  
  28  3:35  Drone  
  28  3:36  Drone  
  30  3:42  Zergling x2  
  28  3:57  Drone  
  28  4:10  Drone x2  
  28  4:16  Drone x3  
  28  4:17  Drone x2  
  35  4:25  Drone  
  35  4:29  Overlord  
  36  4:34  Lair, Overlord  
  36  4:38  Overlord  
  36  4:55  Zergling x6  
  36  4:56  Zergling x4  
  39  5:11  Zergling x8  
  39  5:14  Spine Crawler  
  42  5:26  Drone  
  42  5:27  Drone x2  
  45  5:30  Drone x2  
  45  5:31  Drone x3  
  50  5:38  Evolution Chamber  
  50  5:39  Evolution Chamber, Drone  
  50  5:40  Roach Warren, Drone  
  47  6:26  Roach x2  
  47  6:27  Overlord x2  
  47  6:28  Overlord x5  
  51  6:35  Zerg Missile Weapons Level 1  
  51  6:36  Zerg Ground Armor Level 1  
  51  6:45  Overlord x2  
  50  6:54  Drone x3  
  50  6:58  Extractor  
  50  6:59  Drone x4  
  56  7:04  Extractor  
  55  7:13  Pneumatized Carapace  
  55  7:22  Roach  
  59  7:23  Roach x3  
  59  7:24  Roach x3  
  69  7:37  Roach x5  
  73  7:43  Hatchery  
  77  7:58  Roach  
  77  7:59  Roach  
  77  8:03  Roach x2  
  77  8:05  Glial Reconstitution  
  85  8:22  Roach x3  
  85  8:25  Hatchery  
  85  8:42  Roach x3  
  87  8:59  Roach  
  87  9:00  Roach x9  
  107  9:07  Queen  
  107  9:08  Drone  
  107  9:09  Drone x2  
  112  9:10  Drone x2  
  110  9:40  Roach x5  
  120  9:53  Extractor  
  120  9:54  Overlord  
  120  9:55  Extractor, Overlord x10  
  118  10:04  Spine Crawler, Spore Crawler  
  110  10:15  Overseer x4  
  110  10:28  Spore Crawler  
  110  10:29  Spine Crawler, Drone x3  
  110  10:32  Roach x6  
  110  10:33  Roach  
  125  10:47  Drone  
  126  10:51  Roach  
  126  10:52  Roach x6  
  128  11:17  Spire  
  127  11:20  Drone x3  
  127  11:22  Spore Crawler  
  127  11:23  Drone x6, Spore Crawler  
  126  12:20  Roach x5  
  126  12:21  Roach x4  
  142  12:25  Overseer x3  
  142  12:32  Drone, Spore Crawler  
  142  12:33  Spore Crawler  
  142  12:35  Spine Crawler  
  140  12:38  Roach x3  
  140  12:42  Mutalisk  
  140  12:43  Mutalisk x3  
  154  13:06  Drone  
  154  13:07  Drone x3  
  154  13:08  Drone x2  
Show
View Real Time Build Order
Export as new Build Order

EKV Zerg 

Build Orders: Hatch First 

Get SALT Encoding   

  12  0:01  Drone  
  13  0:13  Overlord  
  13  0:22  Drone  
  14  0:31  Drone  
  14  0:32  Drone  
  16  0:36  Drone  
  17  0:58  Drone, Hatchery  
  17  1:02  Drone  
  18  1:26  Drone x2  
  18  1:30  Spawning Pool  
  18  1:32  Extractor, Drone  
  19  1:42  Drone  
  20  1:50  Overlord  
  20  2:20  Zergling x6  
  20  2:21  Queen  
  20  2:22  Queen  
  27  2:32  Zergling x6  
  27  2:35  Overlord  
  30  2:41  Metabolic Boost  
  30  2:54  Zergling x6  
  33  3:09  Zergling x6  
  31  3:26  Zergling x6  
  33  3:33  Roach Warren  
  32  3:40  Zergling x6  
  35  3:50  Extractor  
  30  4:07  Zergling x8  
  30  4:08  Zergling x4  
  33  4:23  Drone x2  
  34  4:30  Drone x3  
  34  4:31  Drone x3  
  40  4:46  Drone  
  37  5:05  Roach x2  
  37  5:06  Roach x2  
  43  5:12  Overlord x4  
  40  5:19  Drone x2  
  42  5:22  Roach  
  44  5:28  Lair  
  44  5:32  Drone x3  
  47  5:42  Roach x3  
  55  5:43  Roach  
  55  6:02  Roach  
  55  6:03  Roach x5  
  67  6:12  Drone x3  
  67  6:16  Extractor  
  69  6:25  Spine Crawler, Hatchery  
  69  6:29  Roach x3  
  69  6:30  Roach  
  75  6:50  Drone  
  75  6:54  Overlord x4  
  76  7:00  Glial Reconstitution  
  76  7:12  Drone x4  
  80  7:27  Queen  
  80  7:29  Queen  
  84  7:39  Drone x4  
  84  7:40  Drone x2  
  90  7:49  Evolution Chamber x2  
  88  7:56  Hydralisk Den  
  88  7:57  Roach x4  
  88  7:58  Roach x3  
  96  8:22  Roach x2  
  96  8:24  Overlord x2  
  96  8:25  Overlord x3  
Show
View Real Time Build Order
Export as new Build Order

Mattia Protoss 

Build Orders:  

Get SALT Encoding   

  12  0:15  Pylon  
  12  0:18  Probe (Chrono Boost)  
  13  0:44  Gateway  
  13  0:45  Probe (Chrono Boost)  
  14  0:55  Probe (Chrono Boost)  
  15  1:06  Probe (Chrono Boost)  
  16  1:21  Assimilator  
  16  1:25  Probe (Chrono Boost)  
  17  1:35  Probe (Chrono Boost)  
  18  1:40  Cybernetics Core  
  18  1:46  Probe (Chrono Boost)  
  20  2:22  Probe (Chrono Boost)  
  20  2:33  Probe (Chrono Boost)  
  21  2:43  Stargate, Probe (Chrono Boost)  
  22  3:02  Assimilator  
  22  3:43  Probe (Chrono Boost)  
  23  5:27  Pylon  
  23  5:29  Pylon  
  23  5:32  Pylon  
  23  5:34  Pylon  
  23  5:42  Nexus  
  23  5:45  Probe (Chrono Boost), Void Ray  
  28  5:56  Probe (Chrono Boost)  
  29  6:06  Probe (Chrono Boost)  
  30  6:28  Void Ray  
  34  6:45  Assimilator  
  34  6:46  Assimilator  
  34  7:10  Stargate  
  34  7:11  Void Ray  
  38  7:17  Fleet Beacon  
  38  7:24  Stargate  
  38  7:53  Void Ray  
  42  8:09  Carrier  
  48  8:23  Probe (Chrono Boost)  
  45  8:36  Void Ray  
  45  9:19  Void Ray  
  49  10:01  Void Ray  
  49  10:02  Tempest, Carrier  
  63  10:44  Void Ray  
  67  11:11  Void Ray  
  63  11:53  Nexus  
  55  12:17  Tempest  
  55  12:19  Tempest  
  23  13:03  Assimilator, Pylon  
  23  13:04  Assimilator  
  23  13:05  Pylon  
Show
View Real Time Build Order
Export as new Build Order

Gracz Protoss 

Build Orders:  

Get SALT Encoding   

  12  0:01  Probe (Chrono Boost)  
  13  0:15  Probe (Chrono Boost)  
  14  0:23  Pylon  
  14  0:26  Assimilator  
  15  0:28  Probe (Chrono Boost)  
  15  0:45  Probe (Chrono Boost)  
  16  0:50  Pylon  
  16  0:56  Probe (Chrono Boost)  
  17  1:10  Gateway  
  17  1:12  Gateway  
  17  1:17  Probe (Chrono Boost)  
  18  1:27  Probe (Chrono Boost)  
  18  1:32  Pylon  
  19  1:38  Probe (Chrono Boost)  
  20  1:52  Assimilator, Probe (Chrono Boost)  
  21  1:58  Cybernetics Core  
  21  2:02  Zealot  
  23  2:09  Probe (Chrono Boost), Zealot  
  26  2:25  Warp Gate  
  26  2:38  Twilight Council  
  26  2:44  Stalker x2  
  30  3:01  Robotics Facility  
  30  3:23  Sentry  
  30  3:24  Zealot  
  30  4:09  Stalker x2  
  34  4:11  Warp Prism  
  36  4:33  Dark Shrine  
  36  4:36  Pylon  
  36  4:40  Pylon  
  36  5:05  Stalker  
  36  5:06  Stalker  
  36  5:45  Stalker  
  36  5:46  Stalker  
  40  5:56  Templar Archives  
  40  6:01  Probe (Chrono Boost)  
  42  6:13  Probe (Chrono Boost)  
  38  6:40  Stalker x2  
  38  6:46  Gateway  
  42  6:47  Gateway  
  42  6:50  Gateway  
  23  7:06  Gateway x2  
  23  7:07  Gateway  
  23  7:11  Gateway x2  
  23  7:20  Probe (Chrono Boost)  
  24  7:23  Nexus  
  24  7:25  Pylon  
  24  7:33  Probe (Chrono Boost)  
  24  7:36  Assimilator  
  25  7:42  Assimilator  
  25  7:47  Pylon  
  25  7:53  Probe (Chrono Boost)  
  26  8:03  Robotics Facility  
  26  8:05  Probe (Chrono Boost)  
  27  8:11  Dark Templar  
  29  8:17  Probe (Chrono Boost)  
  29  8:18  Dark Templar  
  32  8:29  Probe (Chrono Boost)  
  33  8:36  Dark Templar x2  
  38  8:41  Probe (Chrono Boost)  
  38  8:45  Dark Templar  
  36  8:56  Dark Templar  
  33  9:39  Pylon  
  33  9:42  Pylon  
  33  9:46  Pylon  
  33  9:52  Dark Shrine  
  27  9:55  Pylon x2  
  27  9:57  Pylon  
  17  11:04  Dark Templar x2  
  17  11:05  Dark Templar  
  17  11:06  Dark Templar  
  17  11:14  Dark Templar  
  19  11:34  Nexus  
  19  11:37  Gateway  
  19  11:38  Pylon  
  19  11:42  Pylon, Gateway  
  19  11:45  Assimilator  
  19  11:51  Assimilator  
  19  11:56  Pylon  
  19  12:01  Pylon  
  13  12:03  Dark Templar x3  
  13  12:04  Pylon, Dark Templar  
  22  12:23  Probe (Chrono Boost)  
  22  12:35  Probe (Chrono Boost)  
  21  12:44  Dark Templar  
  21  12:47  Probe x2 (Chrono Boost)  
  26  12:59  Probe (Chrono Boost)  
  26  13:16  Probe (Chrono Boost)  
Tags
 
Add a new tag
Caveats
  • Supply blocks, unpowered buildings, or Contaminate may cause inaccurate times.
  • Supply counts are checked every 10 seconds.